 Dungeon Sprint DCSS version 0.27-a0-156-gbcd94eb011 (webtiles) character file.

Game seed: 16322294014001611022

66860 mhtbhm the Minotaur Barricade (level 14, -6/151 HPs)
             Began as a Minotaur Fighter on Jan 28, 2021.
             Was the Champion of Jiyva.
             Mangled by Xtahua (19 damage)
             ... while paralysed by Xtahua
             ... in the Dungeon (Sprint IX: "|||||||||||||||||||||||||||||").
             The game lasted 00:12:17 (3977 turns).

mhtbhm the Minotaur Barricade (Minotaur Fighter)    Turns: 3977, Time: 00:12:17

Health: -6/151     AC: 14    Str: 21    XL:     14   Next: 80%
Magic:  14/14      EV:  2    Int:  6    God:    Jiyva [******]
Gold:   54         SH:  0    Dex: 17    Spells: 13/13 levels left

rFire    + . .     SeeInvis +   a - +0 flail
rCold    . . .     Faith    .   c - +10 tower shield of Ignorance {rN+ Int-4}
rNeg     + . .     Spirit   .   b - +1 scale mail
rPois    +         Reflect  .   (helmet restricted)
rElec    .         Harm     .   (no cloak)
rCorr    +         Rampage  .   y - +1 pair of gloves "Qeitowor" {rF+ Str+2}
Will     +....     NoTele   +   (no boots)
Stlth    +.........             (no amulet)
HPRegen  1.15/turn              o - +3 ring of strength
MPRegen  0.14/turn              p - +2 ring of evasion

@: paralysed
A: retaliatory headbutt, horns 2, see invisible, agile 1, high mp 1, sense
surroundings 1, poison resistance, regeneration 2, acidic bite, evolution 1,
jelly absorbing missiles
a: Renounce Religion, Request Jelly, Slimify, Cure Bad Mutation


You were in the Dungeon.
You worshipped Jiyva.
Jiyva was exalted by your worship.
You visited 1 branch You collected 1124 gold pieces.
You spent 1070 gold pieces at shops.

Inventory:

Hand Weapons
 a - a +0 flail (weapon)
Missiles
 x - 9 curare-tipped darts (quivered)
Armour
 b - a +1 scale mail (worn)
 c - the +10 tower shield of Ignorance (worn) {rN+ Int-4}
   (You bought it in a shop in the Dungeon)

   It affects your intelligence (-4).
   It protects you from negative energy.
 v - a +0 pair of gloves
 y - the +1 pair of gloves "Qeitowor" (worn) {rF+ Str+2}
   (You found it in the Dungeon)

   It affects your strength (+2).
   It protects you from fire.
Jewellery
 o - a +3 ring of strength (left hand)
 p - a +2 ring of evasion (right hand)
 u - a cursed ring of positive energy
Wands
 w - a wand of iceblast (1)
Scrolls
 j - 3 scrolls of blinking
 l - 4 scrolls of remove curse
 m - 2 scrolls of amnesia
 r - a scroll of identify
 s - 2 scrolls of enchant armour
 t - a scroll of enchant weapon
Potions
 d - 2 potions of might
 e - a potion of invisibility
 f - 3 potions of heal wounds
 g - a potion of haste
 h - 4 potions of magic
 i - a potion of berserk rage
 k - 4 potions of curing
 q - a potion of mutation
Miscellaneous
 n - a condenser vane


   Skills:
 + Level 21.5 Fighting
 + Level 20.7 Maces & Flails
 + Level 0.1 Throwing
 + Level 16.5 Armour
 + Level 14.2 Dodging
 + Level 4.2 Stealth
 O Level 27 Shields
 + Level 9.7 Evocations


You had 13 spell levels left.
You didn't know any spells.
Your spell library was empty.

Dungeon Overview and Level Annotations

Branches:
Dungeon (1/1)

Altars:
Cheibriados
Dithmenos
Elyvilon
Fedhas
Gozag
Hepliaklqana
Kikubaaqudgha
Makhleb
Nemelex Xobeh
Okawaru
Qazlal
Ru
Sif Muna
Trog
Uskayaw
Vehumet
Wu Jian
Xom
Yredelemnul
Zin
The Shining One
Beogh
Jiyva
Lugonu

Shops:
D ![}}

Annotations:
D Xtahua


Innate Abilities, Weirdness & Mutations

You reflexively headbutt those who attack you in melee.
You have a pair of horns on your head.
You have supernaturally acute eyesight. (SInv)
You are agile. (Dex +2)
You have an increased reservoir of magic. (+10% MP)
You passively map a small area around you.
Your system is resistant to poisons. (rPois)
You heal very quickly.
You have acidic saliva.
You evolve.
You have a small jelly attached to you that may absorb incoming projectiles.


Message History

Unknown command.
You sock Xtahua!
Xtahua is severely wounded.
You are engulfed in blazing flames.
You resist.
* * * LOW HITPOINT WARNING * * *
Unknown command.
You hit Xtahua but do no damage.
Xtahua is severely wounded.
You are engulfed in blazing flames.
You resist.
* * * LOW HITPOINT WARNING * * *
You block Xtahua's attack. x3
Unknown command.
You feel much better.
You are engulfed in blazing flames.
You resist.
* * * LOW HITPOINT WARNING * * *
Xtahua thunders ferociously at you!
You suddenly lose the ability to move!
You are engulfed in blazing flames.
You resist.
* * * LOW HITPOINT WARNING * * *
Xtahua bites you!!
You die...

▓▓▓▓▓▓▓▓▓▓▓▓▓▓▓▓▓▓ *
* .▓...▓...▓...▓..@▓
, .▓.▓.▓.▓.▓.▓.▓.▓D▓
,
.▓.▓.▓.▓.▓J▓.▓.▓.▓,*
,
.▓.▓.▓.▓.▓.▓.▓.▓.▓,
, ,
.▓.▓.▓.▓.▓.▓.▓.▓.▓
*,
.▓.▓.▓.▓.▓.▓.▓.▓.▓ *
.▓.▓.▓.▓.▓.▓.▓.▓.▓
,*
.▓.▓.▓.▓.▓.▓.▓.▓.▓ ,
, .▓.▓)▓.▓.▓.▓.▓.▓.▓
,


You could see Xtahua.

Vanquished Creatures
  Saint Roka (D)
  Frances (D)
  A sphinx (D)
  Gastronok (D)
  A shadow dragon (D)
  2 fire giants (D)
  2 frost giants (D)
  3 vault wardens (D)
  2 entropy weavers (D)
  A bunyip (D)
  2 spark wasps (D)
  2 ettins (D)
  A merfolk impaler (D)
  3 yaktaur captains (D)
  2 ogre magi (D)
  A fire dragon (D)
  4 hydras (D)
  2 rakshasas (D)
  2 ice dragons (D)
  2 centaur warriors (D)
  An alligator snapping turtle (D)
  3 alligators (D)
  2 tengu warriors (D)
  5 orc high priests (D)
  A naga sharpshooter (D)
  A hell knight (D)
  2 shock serpents (D)
  Sonja (D)
  2 unseen horrors (D)
  2 goliath frogs (D)
  A skeletal warrior (D)
  A sea snake (D)
  2 naga ritualists (D)
  2 ironbrand convokers (D)
  A harpy (D)
  3 orc knights (D)
  A wolf spider (D)
  An orc sorcerer (D)
  A will-o-the-wisp (D)
  3 manticores (D)
  2 ugly things (D)
  4 vault sentinels (D)
  Joseph (D)
  3 black mambas (D)
  A naga mage (D)
  2 torpor snails (D)
  2 gargoyles (D)
  3 cane toads (D)
  A freezing wraith (D)
  3 yaktaurs (D)
  2 tengu conjurers (D)
  A komodo dragon (D)
  A polar bear (D)
  2 merfolk (D)
  2 jumping spiders (D)
  A tyrant leech (D)
  A hornet (D)
  A dream sheep (D)
  A wraith (D)
  2 basilisks (D)
  4 yaks (D)
  Grum (D)
  3 wargs (D)
  2 water moccasins (D)
  3 hell hounds (D)
  A black bear (D)
  9 orc warriors (D)
  An ogre (D)
  A phantom (D)
  6 wolves (D)
  A centaur (D)
  A big kobold (D)
  6 bullfrogs (D)
  A howler monkey (D)
  4 orc priests (D)
  4 orc wizards (D)
  A worker ant (D)
  An adder (D)
  An adder skeleton (D)
  A leopard gecko (D)
  18 orcs (D)
  A frilled lizard (D)
  A giant cockroach zombie (D)
  2 kobolds (D)
  A leopard gecko skeleton (D)
  2 rats (D)
185 creatures vanquished.

Vanquished Creatures (others)
  A great orb of eyes (D)
  An orc high priest (D)
  A glowing orange brain (D)
  A water nymph (shapeshifter) (D)
  A slime creature (D)
  9 jellies (D)
  5 foxfires (D)
19 creatures vanquished.

Grand Total: 204 creatures vanquished

Notes
Turn   | Place    | Note
-------+----------+-------------------------------------------
     0 | D        | mhtbhm the Minotaur Fighter began the quest for the Orb.
     0 | D        | Reached XP level 1. HP: 19/19 MP: 0/0
   115 | D        | Noticed a centaur
   134 | D        | Reached skill level 5 in Armour
   134 | D        | Reached skill level 4 in Shields
   134 | D        | Reached XP level 2. HP: 26/28 MP: 1/1
   137 | D        | Killed a centaur
   138 | D        | Reached skill level 1 in Dodging
   138 | D        | Reached skill level 6 in Shields
   138 | D        | Reached XP level 3. HP: 33/38 MP: 2/2
   138 | D        | Reached XP level 4. HP: 39/45 MP: 3/3
   148 | D        | Found a roughly hewn altar of Beogh.
   148 | D        | Found a snail-covered altar of Cheibriados.
   148 | D        | Found a shadowy altar of Dithmenos.
   148 | D        | Found a white marble altar of Elyvilon.
   148 | D        | Found a blossoming altar of Fedhas.
   148 | D        | Found an opulent altar of Gozag.
   149 | D        | Found a hazy altar of Hepliaklqana.
   150 | D        | Found a viscous altar of Jiyva.
   151 | D        | Found an ancient bone altar of Kikubaaqudgha.
   152 | D        | Found a corrupted altar of Lugonu.
   153 | D        | Found a burning altar of Makhleb.
   154 | D        | Found a sparkling altar of Nemelex Xobeh.
   155 | D        | Found an iron altar of Okawaru.
   156 | D        | Found a stormy altar of Qazlal.
   171 | D        | Found a sacrificial altar of Ru.
   172 | D        | Found a shimmering blue altar of Sif Muna.
   173 | D        | Found a bloodstained altar of Trog.
   174 | D        | Found a hide-covered altar of Uskayaw.
   175 | D        | Found a radiant altar of Vehumet.
   176 | D        | Found an ornate altar of the Wu Jian Council.
   177 | D        | Found a shimmering altar of Xom.
   178 | D        | Found a basalt altar of Yredelemnul.
   179 | D        | Found a glowing silver altar of Zin.
   180 | D        | Found a glowing golden altar of the Shining One.
   208 | D        | Became a worshipper of Jiyva Jyog the Shapeless
   210 | D        | Killed a slime creature
   212 | D        | Killed a water nymph
   219 | D        | Killed a great orb of eyes
   258 | D        | Noticed a bullfrog
   258 | D        | Noticed an orc warrior
   258 | D        | Noticed a black bear
   258 | D        | Noticed a phantom
   261 | D        | Reached skill level 5 in Maces & Flails
   266 | D        | Killed a black bear
   267 | D        | Reached skill level 7 in Shields
   267 | D        | Reached XP level 5. HP: 53/53 MP: 4/4
   272 | D        | Killed an orc warrior
   273 | D        | Reached skill level 8 in Shields
   273 | D        | Reached XP level 6. HP: 26/61 MP: 5/5
   275 | D        | Reached skill level 9 in Shields
   301 | D        | Reached * piety under Jiyva
   313 | D        | Reached ** piety under Jiyva
   317 | D        | Reached *** piety under Jiyva
   317 | D        | Gained mutation: You are frail. (-10% HP) [Jiyva's grace]
   317 | D        | Reached **** piety under Jiyva
   317 | D        | Gained mutation: You are dopey. (Int -2) [Jiyva's grace]
   323 | D        | Reached ***** piety under Jiyva
   323 | D        | Gained mutation: You possess an exceptional clarity of
                  | mind. [Jiyva's grace]
   323 | D        | Gained mutation: You are covered in slimy tendrils that may
                  | disarm your opponents. [Jiyva's grace]
   423 | D        | Gained mutation: You are somewhat resistant to further
                  | mutation. [Jiyva's grace]
   423 | D        | Lost mutation: You possess an exceptional clarity of mind.
                  | [Jiyva's grace]
   423 | D        | Reached ****** piety under Jiyva
   423 | D        | Gained mutation: You have acidic saliva. [Jiyva's grace]
   424 | D        | Noticed a centaur warrior
   424 | D        | Noticed an eight-headed hydra
   424 | D        | Noticed a yak
   425 | D        | Gained mutation: You have a pair of large horns on your
                  | head. [Jiyva's grace]
   425 | D        | Gained mutation: You have an increased reservoir of magic.
                  | (+10% MP) [Jiyva's grace]
   425 | D        | Lost mutation: You have an increased reservoir of magic.
                  | (+10% MP) [Jiyva's grace]
   427 | D        | Reached XP level 7. HP: 25/63 MP: 6/6
   430 | D        | Killed a yak
   431 | D        | Reached skill level 10 in Shields
   431 | D        | Killed an eight-headed hydra
   432 | D        | Reached skill level 10 in Fighting
   432 | D        | Reached skill level 10 in Armour
   432 | D        | Reached skill level 5 in Dodging
   432 | D        | Reached skill level 11 in Shields
   432 | D        | Reached skill level 1 in Evocations
   432 | D        | Reached XP level 8. HP: 32/72 MP: 7/7
   435 | D        | Lost mutation: You are somewhat resistant to further
                  | mutation. [Jiyva's grace]
   435 | D        | Lost mutation: You are frail. (-10% HP) [Jiyva's grace]
   435 | D        | Lost mutation: You have acidic saliva. [Jiyva's grace]
   437 | D        | Killed a centaur warrior
   438 | D        | Reached skill level 12 in Shields
   438 | D        | Reached XP level 9. HP: 11/89 MP: 8/8
   444 | D        | Gained mutation: You have supernaturally acute eyesight.
                  | (SInv) [Jiyva's grace]
   445 | D        | Gained mutation: You are surrounded by a mild repulsion
                  | field. (EV +2) [Jiyva's grace]
   445 | D        | Gained mutation: Your body sometimes deteriorates upon
                  | taking damage. [Jiyva's grace]
   779 | D        | Noticed a komodo dragon
   779 | D        | Noticed a cane toad
   783 | D        | Noticed a cane toad
   794 | D        | Killed a cane toad
   801 | D        | Reached skill level 13 in Shields
   812 | D        | Killed a komodo dragon
   820 | D        | Killed a cane toad
  1120 | D        | Noticed a polar bear
  1120 | D        | Noticed a five-headed hydra
  1120 | D        | Noticed a cane toad
  1123 | D        | Killed a cane toad
  1124 | D        | Reached skill level 1 in Stealth
  1132 | D        | Reached XP level 10. HP: 92/99 MP: 9/9
  1327 | D        | Killed a five-headed hydra
  1328 | D        | Reached skill level 14 in Shields
  1540 | D        | Reached skill level 15 in Maces & Flails
  1573 | D        | Gained mutation: Your muscles are strong. (Str +2) [Jiyva's
                  | grace]
  1573 | D        | Gained mutation: You are partially covered in thin metallic
                  | scales. (AC +2) [Jiyva's grace]
  1573 | D        | Lost mutation: You have supernaturally acute eyesight.
                  | (SInv) [Jiyva's grace]
  1573 | D        | Gained mutation: Scrolls take you a little longer to read.
                  | [Jiyva's grace]
  1573 | D        | Gained mutation: You have a somewhat thin skeletal
                  | structure. (Dex +2, Stealth) [Jiyva's grace]
  1574 | D        | Gained mutation: Your system is resistant to poisons.
                  | (rPois) [Jiyva's grace]
  1574 | D        | Gained mutation: Your skin changes colour to match your
                  | surroundings (Stealth+). [Jiyva's grace]
  1586 | D        | Lost mutation: Scrolls take you a little longer to read.
                  | [Jiyva's power]
  1604 | D        | Gained mutation: Your skin blends seamlessly with your
                  | surroundings (Stealth++). [Jiyva's grace]
  1604 | D        | Lost mutation: You are dopey. (Int -2) [Jiyva's grace]
  1604 | D        | Lost mutation: Your body sometimes deteriorates upon taking
                  | damage. [Jiyva's grace]
  1641 | D        | Lost mutation: You have a pair of large horns on your head.
                  | [Jiyva's grace]
  1663 | D        | Noticed Sonja
  1685 | D        | Killed Sonja
  1686 | D        | Reached skill level 15 in Shields
  1723 | D        | Gained mutation: You have a pair of large horns on your
                  | head. [Jiyva's grace]
  1724 | D        | Lost mutation: Your system is resistant to poisons. (rPois)
                  | [Jiyva's grace]
  1724 | D        | Gained mutation: You have sharp toenails. [Jiyva's grace]
  1729 | D        | Lost mutation: Your muscles are strong. (Str +2) [Jiyva's
                  | grace]
  1732 | D        | Lost mutation: You are covered in slimy tendrils that may
                  | disarm your opponents. [Jiyva's grace]
  1732 | D        | Gained mutation: You possess an exceptional clarity of
                  | mind. [Jiyva's grace]
  1732 | D        | Gained mutation: Your system is resistant to poisons.
                  | (rPois) [Jiyva's grace]
  1749 | D        | Gained mutation: You are frail. (-10% HP) [Jiyva's grace]
  1754 | D        | Gained mutation: Your body sometimes deteriorates upon
                  | taking damage. [Jiyva's grace]
  1755 | D        | Gained mutation: You expend magic power (3 MP) to
                  | strengthen your wands. [Jiyva's grace]
  1757 | D        | Gained mutation: You evolve. [Jiyva's grace]
  1761 | D        | Lost mutation: Your body sometimes deteriorates upon taking
                  | damage. [Jiyva's grace]
  1763 | D        | Gained mutation: You have a small jelly attached to you
                  | that may absorb incoming projectiles. [Jiyva's grace]
  1763 | D        | Gained mutation: You passively map a small area around you.
                  | [Jiyva's grace]
  1765 | D        | Lost mutation: You are frail. (-10% HP) [Jiyva's grace]
  1775 | D        | Gained mutation: Your rubbery body absorbs attacks. (AC +1,
                  | EV +1) [Jiyva's grace]
  1778 | D        | Lost mutation: You have a pair of large horns on your head.
                  | [Jiyva's grace]
  1784 | D        | Lost mutation: Your system is resistant to poisons. (rPois)
                  | [Jiyva's grace]
  1793 | D        | Lost mutation: You possess an exceptional clarity of mind.
                  | [Jiyva's grace]
  1795 | D        | Gained mutation: You have an increased reservoir of magic.
                  | (+10% MP) [Jiyva's grace]
  1795 | D        | Lost mutation: Your rubbery body absorbs attacks. (AC +1,
                  | EV +1) [Jiyva's grace]
  1797 | D        | Lost mutation: You evolve. [Jiyva's grace]
  1797 | D        | Gained mutation: You are strong-willed. (Will+) [Jiyva's
                  | grace]
  1799 | D        | Gained mutation: Armour fits poorly on your pseudopods.
                  | [Jiyva's grace]
  1800 | D        | Gained mutation: You have sharp fingernails. [Jiyva's
                  | grace]
  1800 | D        | Gained mutation: Your spells are a little harder to cast,
                  | but a little more powerful. [Jiyva's grace]
  1803 | D        | Lost mutation: You have sharp toenails. [Jiyva's grace]
  1804 | D        | Gained mutation: Your rubbery body absorbs attacks. (AC +1,
                  | EV +1) [Jiyva's grace]
  1829 | D        | Lost mutation: You have a somewhat thin skeletal structure.
                  | (Dex +2, Stealth) [Jiyva's grace]
  1829 | D        | Lost mutation: You expend magic power (3 MP) to strengthen
                  | your wands. [Jiyva's grace]
  1833 | D        | Lost mutation: Your rubbery body absorbs attacks. (AC +1,
                  | EV +1) [Jiyva's grace]
  1833 | D        | Lost mutation: You are strong-willed. (Will+) [Jiyva's
                  | grace]
  1834 | D        | Noticed an orc knight
  1856 | D        | Gained mutation: You have supernaturally acute eyesight.
                  | (SInv) [Jiyva's grace]
  1856 | D        | Lost mutation: You passively map a small area around you.
                  | [Jiyva's grace]
  1861 | D        | Gained mutation: Your spells are harder to cast, but more
                  | powerful. [Jiyva's grace]
  1863 | D        | Lost mutation: You are partially covered in thin metallic
                  | scales. (AC +2) [Jiyva's grace]
  1863 | D        | Gained mutation: You are partially covered in molten
                  | scales. (AC +2) [Jiyva's grace]
  1863 | D        | Gained mutation: Your flesh is heat resistant. (rF+)
                  | [Jiyva's grace]
  1863 | D        | Lost mutation: You are surrounded by a mild repulsion
                  | field. (EV +2) [Jiyva's grace]
  1863 | D        | Lost mutation: Your skin blends seamlessly with your
                  | surroundings (Stealth++). [Jiyva's grace]
  1863 | D        | Lost mutation: Your skin changes colour to match your
                  | surroundings (Stealth+). [Jiyva's grace]
  1863 | D        | Gained mutation: Your translucent skin slightly reduces
                  | your foes' accuracy. (Stealth) [Jiyva's grace]
  1863 | D        | Gained mutation: You are strong-willed. (Will+) [Jiyva's
                  | grace]
  1872 | D        | Killed an orc knight
  1873 | D        | Reached XP level 11. HP: 62/110 MP: 11/11
  1877 | D        | Lost mutation: Your flesh is heat resistant. (rF+) [Jiyva's
                  | grace]
  1877 | D        | Lost mutation: You have a small jelly attached to you that
                  | may absorb incoming projectiles. [Jiyva's grace]
  1880 | D        | Lost mutation: Armour fits poorly on your pseudopods.
                  | [Jiyva's grace]
  1880 | D        | Lost mutation: Your spells are harder to cast, but more
                  | powerful. [Jiyva's grace]
  1880 | D        | Lost mutation: Your spells are a little harder to cast, but
                  | a little more powerful. [Jiyva's grace]
  1881 | D        | Gained mutation: You do not regenerate when monsters are
                  | visible. [Jiyva's grace]
  1887 | D        | Lost mutation: You do not regenerate when monsters are
                  | visible. [Jiyva's power]
  1891 | D        | Found Safutwod's Gadget Boutique.
  1891 | D        | Noticed an orc high priest
  1891 | D        | Noticed an orc high priest
  1891 | D        | Noticed an orc high priest
  1892 | D        | Noticed an orc high priest
  1903 | D        | Killed an orc high priest
  1906 | D        | Killed an orc high priest
  1906 | D        | Noticed an orc sorcerer
  1907 | D        | Reached skill level 16 in Shields
  1932 | D        | Killed an orc high priest
  1933 | D        | Gained mutation: You evolve. [Jiyva's grace]
  1933 | D        | Gained mutation: You have sharp toenails. [Jiyva's grace]
  1933 | D        | Noticed a sun demon
  1938 | D        | Gained mutation: Your translucent skin reduces your foes'
                  | accuracy. (Stealth) [Jiyva's grace]
  1941 | D        | Killed an orc high priest
  1942 | D        | Reached skill level 15 in Fighting
  1943 | D        | Paralysed by an orc sorcerer for 3 turns
  1952 | D        | Killed an orc sorcerer
  1953 | D        | Found Soanewk's Gadget Shop.
  1956 | D        | Lost mutation: You have an increased reservoir of magic.
                  | (+10% MP) [Jiyva's grace]
  1956 | D        | Gained mutation: You are partially covered in rugged brown
                  | scales. (AC +1, +3% HP) [Jiyva's grace]
  2093 | D        | Found Ojytur's Armour Boutique.
  2097 | D        | Found Plog's Distillery.
  2099 | D        | Noticed an orc high priest
  2102 | D        | Noticed an orc knight
  2104 | D        | Noticed an orc high priest
  2106 | D        | Noticed an orc knight
  2112 | D        | Killed an orc high priest
  2121 | D        | Killed an orc knight
  2134 | D        | Lost mutation: You evolve. [Jiyva's grace]
  2134 | D        | Gained mutation: You are covered in slimy tendrils that may
                  | disarm your opponents. [Jiyva's grace]
  2137 | D        | Killed an orc high priest
  2138 | D        | Reached skill level 17 in Shields
  2142 | D        | Lost mutation: You are strong-willed. (Will+) [Jiyva's
                  | grace]
  2143 | D        | Gained mutation: You can translocate small distances at
                  | will. [Jiyva's grace]
  2143 | D        | Lost mutation: You can translocate small distances at will.
                  | [Jiyva's grace]
  2152 | D        | Killed an orc knight
  2155 | D        | Lost mutation: Your translucent skin reduces your foes'
                  | accuracy. (Stealth) [Jiyva's grace]
  2158 | D        | Gained mutation: Your rubbery body absorbs attacks. (AC +1,
                  | EV +1) [Jiyva's grace]
  2158 | D        | Gained mutation: You are covered in fur. (AC +1) [Jiyva's
                  | grace]
  2180 | D        | Bought the +10 tower shield of Ignorance {rN+ Int-4} for
                  | 630 gold pieces
  2180 | D        | Found the +10 tower shield of Ignorance {rN+ Int-4}
  2189 | D        | Bought a condenser vane for 440 gold pieces
  2226 | D        | Noticed Grum
  2235 | D        | Lost mutation: Your translucent skin slightly reduces your
                  | foes' accuracy. (Stealth) [Jiyva's grace]
  2236 | D        | Lost mutation: Your rubbery body absorbs attacks. (AC +1,
                  | EV +1) [Jiyva's grace]
  2239 | D        | Lost mutation: You have sharp toenails. [Jiyva's grace]
  2239 | D        | Lost mutation: You are covered in slimy tendrils that may
                  | disarm your opponents. [Jiyva's grace]
  2241 | D        | Killed Grum
  2250 | D        | Gained mutation: You are clumsy. (Dex -2) [Jiyva's grace]
  2253 | D        | Gained mutation: You are surrounded by a mild repulsion
                  | field. (EV +2) [Jiyva's grace]
  2256 | D        | Gained mutation: Your natural rate of healing is unusually
                  | fast. [Jiyva's grace]
  2257 | D        | Lost mutation: You are partially covered in molten scales.
                  | (AC +2) [Jiyva's grace]
  2262 | D        | Lost mutation: Your natural rate of healing is unusually
                  | fast. [Jiyva's grace]
  2265 | D        | Gained mutation: You are covered in slimy tendrils that may
                  | disarm your opponents. [Jiyva's grace]
  2267 | D        | Gained mutation: You are partially covered in yellow
                  | scales. (AC +2) [Jiyva's grace]
  2269 | D        | Gained mutation: You can translocate small distances at
                  | will. [Jiyva's grace]
  2269 | D        | Gained mutation: Your mind is acute. (Int +2) [Jiyva's
                  | grace]
  2271 | D        | Noticed Joseph
  2271 | D        | Gained mutation: You are strong-willed. (Will+) [Jiyva's
                  | grace]
  2276 | D        | Gained mutation: Your spells are a little harder to cast,
                  | but a little more powerful. [Jiyva's grace]
  2278 | D        | Lost mutation: Your spells are a little harder to cast, but
                  | a little more powerful. [Jiyva's grace]
  2283 | D        | Lost mutation: You are covered in slimy tendrils that may
                  | disarm your opponents. [Jiyva's grace]
  2285 | D        | Killed Joseph
  2299 | D        | Lost mutation: You are strong-willed. (Will+) [Jiyva's
                  | grace]
  2300 | D        | Lost mutation: You are partially covered in yellow scales.
                  | (AC +2) [Jiyva's grace]
  2303 | D        | Lost mutation: You have sharp fingernails. [Jiyva's grace]
  2304 | D        | Lost mutation: You are clumsy. (Dex -2) [Jiyva's grace]
  2307 | D        | Lost mutation: Your mind is acute. (Int +2) [Jiyva's grace]
  2310 | D        | Gained mutation: You are partially covered in molten
                  | scales. (AC +2) [Jiyva's grace]
  2317 | D        | Gained mutation: Your mind is acute. (Int +2) [Jiyva's
                  | grace]
  2317 | D        | Gained mutation: Your system is resistant to poisons.
                  | (rPois) [Jiyva's grace]
  2320 | D        | Lost mutation: You are partially covered in molten scales.
                  | (AC +2) [Jiyva's grace]
  2320 | D        | Gained mutation: You are partially covered in large bone
                  | plates. (SH +4) [Jiyva's grace]
  2323 | D        | Gained mutation: You possess an exceptional clarity of
                  | mind. [Jiyva's grace]
  2326 | D        | Lost mutation: You are surrounded by a mild repulsion
                  | field. (EV +2) [Jiyva's grace]
  2327 | D        | Lost mutation: You are covered in fur. (AC +1) [Jiyva's
                  | grace]
  2332 | D        | Gained mutation: You have a small jelly attached to you
                  | that may absorb incoming projectiles. [Jiyva's grace]
  2334 | D        | Gained mutation: You passively map a small area around you.
                  | [Jiyva's grace]
  2336 | D        | Lost mutation: Your system is resistant to poisons. (rPois)
                  | [Jiyva's grace]
  2336 | D        | Lost mutation: You possess an exceptional clarity of mind.
                  | [Jiyva's grace]
  2336 | D        | Lost mutation: You have a small jelly attached to you that
                  | may absorb incoming projectiles. [Jiyva's grace]
  2340 | D        | Gained mutation: You are covered in slimy tendrils that may
                  | disarm your opponents. [Jiyva's grace]
  2340 | D        | Gained mutation: Your flesh is cold resistant. (rC+)
                  | [Jiyva's grace]
  2340 | D        | Gained mutation: Your muscles are strong. (Str +2) [Jiyva's
                  | grace]
  2342 | D        | Got the +1 pair of gloves "Qeitowor" {rF+ Str+2}
  2342 | D        | Lost mutation: Your mind is acute. (Int +2) [Jiyva's grace]
  2346 | D        | Lost mutation: Your muscles are strong. (Str +2) [Jiyva's
                  | grace]
  2350 | D        | Gained mutation: Armour fits poorly on your pseudopods.
                  | [Jiyva's grace]
  2363 | D        | Noticed an unseen horror
  2363 | D        | Noticed a seven-headed hydra
  2366 | D        | Reached skill level 10 in Dodging
  2367 | D        | Killed a seven-headed hydra
  2369 | D        | Reached skill level 5 in Evocations
  2369 | D        | Killed an unseen horror
  2370 | D        | Reached skill level 18 in Shields
  2380 | D        | Gained mutation: Your mind is acute. (Int +2) [Jiyva's
                  | grace]
  2385 | D        | Noticed an ettin
  2391 | D        | Noticed a frost giant
  2393 | D        | Killed an ettin
  2394 | D        | Reached XP level 12. HP: 127/127 MP: 11/11
  2394 | D        | Noticed a sphinx
  2395 | D        | Noticed a rakshasa
  2401 | D        | Noticed a rakshasa
  2411 | D        | Killed a rakshasa
  2411 | D        | Killed a sphinx
  2412 | D        | Reached skill level 19 in Shields
  2417 | D        | Killed a frost giant
  2420 | D        | Killed a rakshasa
  2439 | D        | Noticed an ogre mage
  2448 | D        | Paralysed by an ogre mage for 4 turns
  2455 | D        | Killed an ogre mage
  2455 | D        | Gained mutation: You evolve. [Jiyva's grace]
  2460 | D        | Gained mutation: You have large cloven feet. [Jiyva's
                  | grace]
  2463 | D        | Lost mutation: You evolve. [Jiyva's grace]
  2464 | D        | Gained mutation: You are robust. (+10% HP) [Jiyva's grace]
  2466 | D        | Lost mutation: You have large cloven feet. [Jiyva's grace]
  2466 | D        | Lost mutation: You can translocate small distances at will.
                  | [Jiyva's grace]
  2466 | D        | Gained mutation: Your natural rate of healing is unusually
                  | fast. [Jiyva's grace]
  2469 | D        | Gained mutation: Your translucent skin slightly reduces
                  | your foes' accuracy. (Stealth) [Jiyva's grace]
  2547 | D        | Gained mutation: You have a small jelly attached to you
                  | that senses nearby items. [Jiyva's grace]
  2547 | D        | Lost mutation: Your mind is acute. (Int +2) [Jiyva's grace]
  2550 | D        | Gained mutation: You have sharp toenails. [Jiyva's grace]
  2550 | D        | Lost mutation: You are partially covered in large bone
                  | plates. (SH +4) [Jiyva's grace]
  2551 | D        | Gained mutation: You are dopey. (Int -2) [Jiyva's grace]
  2557 | D        | Gained mutation: Your translucent skin reduces your foes'
                  | accuracy. (Stealth) [Jiyva's grace]
  2591 | D        | Noticed Frances
  2605 | D        | Killed Frances
  2606 | D        | Reached skill level 20 in Shields
  2863 | D        | Noticed an alligator
  2863 | D        | Noticed a four-headed hydra
  2863 | D        | Noticed a bunyip
  2867 | D        | Reached skill level 21 in Shields
  2867 | D        | Killed a four-headed hydra
  2868 | D        | Reached XP level 13. HP: 79/151 MP: 12/12
  2873 | D        | Killed a bunyip
  2953 | D        | Gained mutation: You have razor-sharp toenails. [Jiyva's
                  | grace]
  3026 | D        | Reached skill level 22 in Shields
  3027 | D        | Noticed a merfolk impaler
  3028 | D        | Reached skill level 15 in Armour
  3036 | D        | Killed a merfolk impaler
  3110 | D        | Gained mutation: You have an increased reservoir of magic.
                  | (+10% MP) [Jiyva's grace]
  3112 | D        | Lost mutation: Armour fits poorly on your pseudopods.
                  | [Jiyva's grace]
  3119 | D        | Noticed a spark wasp
  3119 | D        | Noticed an entropy weaver
  3124 | D        | Noticed an entropy weaver
  3125 | D        | Killed an entropy weaver
  3132 | D        | Killed a spark wasp
  3133 | D        | Reached skill level 23 in Shields
  3133 | D        | Killed an entropy weaver
  3253 | D        | Lost mutation: You are dopey. (Int -2) [Jiyva's power]
  3282 | D        | Noticed Gastronok
  3290 | D        | Noticed Saint Roka
  3297 | D        | Killed Gastronok
  3307 | D        | Killed Saint Roka
  3308 | D        | Reached skill level 24 in Shields
  3458 | D        | Gained mutation: You have a pair of large horns on your
                  | head. [Jiyva's grace]
  3465 | D        | Lost mutation: You have razor-sharp toenails. [Jiyva's
                  | grace]
  3478 | D        | Noticed a spark wasp
  3478 | D        | Noticed a fire giant
  3480 | D        | Noticed a shadow dragon
  3493 | D        | Reached XP level 14. HP: 166/166 MP: 14/14
  3494 | D        | Killed a fire giant
  3498 | D        | Lost mutation: Your translucent skin reduces your foes'
                  | accuracy. (Stealth) [Jiyva's grace]
  3498 | D        | Lost mutation: Your flesh is cold resistant. (rC+) [Jiyva's
                  | grace]
  3511 | D        | Killed a shadow dragon
  3512 | D        | Reached skill level 25 in Shields
  3534 | D        | Noticed a frost giant
  3552 | D        | Killed a frost giant
  3605 | D        | Reached skill level 26 in Shields
  3613 | D        | Noticed a vault warden
  3615 | D        | Noticed a fire giant
  3636 | D        | Killed a vault warden
  3641 | D        | Killed a fire giant
  3641 | D        | Noticed a vault warden
  3648 | D        | Noticed a vault warden
  3665 | D        | Killed a vault warden
  3668 | D        | Killed a vault warden
  3669 | D        | Reached skill level 27 in Shields
  3859 | D        | Gained mutation: Armour fits poorly on your pseudopods.
                  | [Jiyva's grace]
  3859 | D        | Lost mutation: You have a pair of large horns on your head.
                  | [Jiyva's grace]
  3859 | D        | Gained mutation: Your flesh is cold resistant. (rC+)
                  | [Jiyva's grace]
  3862 | D        | Gained mutation: You passively map the area around you.
                  | [Jiyva's grace]
  3862 | D        | Lost mutation: You have a small jelly attached to you that
                  | senses nearby items. [Jiyva's grace]
  3862 | D        | Gained mutation: Armour fits poorly on your strangely
                  | shaped body. [Jiyva's grace]
  3862 | D        | Gained mutation: You are somewhat resistant to further
                  | mutation. [Jiyva's grace]
  3863 | D        | Gained mutation: You are strong-willed. (Will+) [Jiyva's
                  | grace]
  3864 | D        | Gained mutation: You have a considerably increased
                  | reservoir of magic. (+20% MP) [Jiyva's grace]
  3864 | D        | Lost mutation: You are robust. (+10% HP) [Jiyva's grace]
  3864 | D        | Gained mutation: You are highly strong-willed. (Will++)
                  | [Jiyva's grace]
  3865 | D        | Lost mutation: You have sharp toenails. [Jiyva's grace]
  3865 | D        | Lost mutation: You are highly strong-willed. (Will++)
                  | [Jiyva's grace]
  3866 | D        | Lost mutation: Your flesh is cold resistant. (rC+) [Jiyva's
                  | grace]
  3868 | D        | Lost mutation: Armour fits poorly on your strangely shaped
                  | body. [Jiyva's grace]
  3868 | D        | Gained mutation: Your system is resistant to poisons.
                  | (rPois) [Jiyva's grace]
  3877 | D        | Gained mutation: You are partially covered in thin metallic
                  | scales. (AC +2) [Jiyva's grace]
  3877 | D        | Lost mutation: You passively map the area around you.
                  | [Jiyva's grace]
  3877 | D        | Lost mutation: You are strong-willed. (Will+) [Jiyva's
                  | grace]
  3877 | D        | Lost mutation: You are covered in slimy tendrils that may
                  | disarm your opponents. [Jiyva's grace]
  3906 | D        | Lost mutation: You are partially covered in thin metallic
                  | scales. (AC +2) [Jiyva's grace]
  3906 | D        | Gained mutation: You heal very quickly. [Jiyva's grace]
  3906 | D        | Gained mutation: You have acidic saliva. [Jiyva's grace]
  3908 | D        | Lost mutation: Your translucent skin slightly reduces your
                  | foes' accuracy. (Stealth) [Jiyva's grace]
  3908 | D        | Gained mutation: Your mind is acute. (Int +2) [Jiyva's
                  | grace]
  3908 | D        | Gained mutation: You are agile. (Dex +2) [Jiyva's grace]
  3908 | D        | Gained mutation: You have a small jelly attached to you
                  | that may absorb incoming projectiles. [Jiyva's grace]
  3910 | D        | Lost mutation: Your mind is acute. (Int +2) [Jiyva's grace]
  3912 | D        | Lost mutation: Armour fits poorly on your pseudopods.
                  | [Jiyva's grace]
  3913 | D        | Lost mutation: You are partially covered in rugged brown
                  | scales. (AC +1, +3% HP) [Jiyva's grace]
  3917 | D        | Lost mutation: You are somewhat resistant to further
                  | mutation. [Jiyva's grace]
  3917 | D        | Gained mutation: You evolve. [Jiyva's grace]
  3918 | D        | Lost mutation: You have a considerably increased reservoir
                  | of magic. (+20% MP) [Jiyva's grace]
  3954 | D        | Noticed Xtahua
  3965 | D        | Paralysed by Xtahua for 2 turns
  3975 | D        | HP: 1/151 [Xtahua] (9)]
  3976 | D        | Paralysed by Xtahua for 7 turns
  3977 | D        | Mangled by Xtahua

Illustrated notes

Levels and vault maps discovered:
D:        linesprint [early_d, line_temple, items_1, d_10, items_2, lair_1,
          lair_end, items_3, orc_1, orc_end, items_4, d_15, swamp_1, shoals_1,
          snake_1, spider_1, d_20, vaults_1, items_5, swamp_end, shoals_end,
          snake_end, spider_end, vaults_end, d_27, items_6, zot_1, zot_end,
          crypt_end, forest_end, elf_end, slime_end, tomb_end, abyss_end,
          pan_hell_end]

Skill      XL: |  1  2  3  4  5  6  7  8  9 10 11 12 13 14 |
---------------+-------------------------------------------+-----
Fighting       | 4 6 7 8 9 10 11 12 14 16 18 19 21 | 21.5
Armour         | 5 7 8 9 10 11 13 14 15 16 | 16.5
Shields        | 4 6 7 8 9 11 12 13 15 18 21 24 27 | 27.0
Maces & Flails | 4 6 7 8 11 12 14 15 17 18 19 20 | 20.7
Dodging        | 1 2 3 4 5 6 8 9 10 11 13 14 | 14.2
Evocations     | 1 2 3 4 5 6 9 |  9.7
Stealth        | 1 2 3 4 |  4.2
Throwing       | |  0.1

Action                   |  1- 3 |  4- 6 |  7- 9 | 10-12 | 13-15 || total
-------------------------+-------+-------+-------+-------+-------++-------
Melee: Flail             |    39 |    24 |    66 |   331 |   234 ||   694
       Headbutt          |     3 |     6 |    21 |    75 |    74 ||   179
       Pseudopods        |       |       |       |    37 |    14 ||    51
       Kick              |       |       |       |    45 |   106 ||   151
       Bite              |       |       |       |       |     4 ||     4
Throw: Dart              |       |       |       |       |     1 ||     1
Invok: Cure Bad Mutation |       |       |       |     5 |     2 ||     7
       Request Jelly     |       |       |       |     1 |       ||     1
Evoke: Wand              |       |     2 |     4 |    11 |       ||    17
       Condenser vane    |       |       |       |     5 |     7 ||    12
  Use: Potion            |     2 |       |     1 |     1 |     2 ||     6
       Scroll            |       |       |     1 |       |       ||     1
Armor: Scale mail        |    20 |     5 |     6 |    29 |    14 ||    74
Dodge: Dodged            |    16 |    13 |    17 |    75 |    34 ||   155
Block: Kite shield       |    18 |    16 |    34 |    99 |       ||   167
       Tower shield      |       |       |       |    67 |   228 ||   295

Table legend: (Time is in decaauts)
 A = Elapsed time spent in this place.
 B = Non-inter-level travel time spent in this place.
 C = Inter-level travel time spent in this place.
 D = Time resting spent in this place.
 E = Time spent auto-exploring this place.
 F = Levels seen in this place.
 G = Mean time per level.
                   A        B        C        D        E       F      G
               +--------+--------+--------+--------+--------+-----+--------+
         Total |   3863 |   3863 |      0 |   1882 |    422 |   1 | 3863.0 |
       Dungeon |   3863 |   3863 |      0 |   1882 |    422 |   1 | 3863.0 |
               +--------+--------+--------+--------+--------+-----+--------+

Top non-repeatable levels by time:
       D: 3863 daAuts
